 Dungeon Crawl Stone Soup version 0.28-a0-224-g76b539d98b (webtiles) character file.

Game seed: 3091996034209381086

74 timneilson the Covered (level 4, -4/29 HPs)
             Began as a Gargoyle Fighter on Aug 22, 2021.
             Slain by Terence (7 damage)
             ... on level 2 of the Dungeon.
             The game lasted 00:01:59 (1806 turns).

timneilson the Covered (Gargoyle Fighter)           Turns: 1806, Time: 00:02:00

Health: -4/29      AC: 10    Str: 20    XL:     4   Next: 30%
Magic:  4/4        EV:  7    Int:  9    God:
Gold:   87         SH:  8    Dex:  9    Spells: 3/3 levels left

rFire   . . .      SeeInvis .   a - +0 long sword
rCold   . . .      Faith    .   c - +0 kite shield
rNeg    + . .      Spirit   .   b - +0 scale mail
rPois   ∞          Reflect  .   (no helmet)
rElec   +          Harm     .   (no cloak)
rCorr   .          Rampage  .   (no gloves)
Will    .....                   (no boots)
Stlth   ..........              (no amulet)
HPRegen 0.09/turn               (no ring)
MPRegen 0.09/turn               (no ring)

@: mighty
A: sickness immunity, AC +3, negative energy resistance 1, electricity
resistance, torment resistance 1, petrification resistance
a: no special abilities


You were on level 2 of the Dungeon.
You visited 1 branch of the dungeon, and saw 2 of its levels.

You collected 87 gold pieces.

Inventory:

Hand Weapons
 a - a +0 long sword (weapon)
Armour
 b - a +0 scale mail (worn)
 c - a +0 kite shield (worn)
Jewellery
 g - an amulet of faith
Scrolls
 f - a scroll of identify
 h - a scroll of vulnerability {unknown}
Potions
 e - a potion of magic
 i - a potion of brilliance


   Skills:
 + Level 3.7 Fighting
 * Level 2.6 Long Blades
 * Level 4.0 Armour
 * Level 3.9 Shields


You had 3 spell levels left.
You didn't know any spells.
Your spell library contained the following spells:

 Spells                   Type           Power      Damage    Failure   Level
 Summon Small Mammal      Summ           0%         N/A       99%         1
 Call Canine Familiar     Summ           0%         N/A       100%        3
 Dazzling Flash           Conj/Hex       0%         N/A       100%        3
 Summon Guardian Golem    Hex/Summ       0%         N/A       100%        3
 Iskenderun's Mystic Bla  Conj/Tloc      0%         2d3       100%        4
 Starburst                Conj/Fire      0%         6d3       100%        6


Dungeon Overview and Level Annotations

Branches:
Dungeon (2/15)

Altars:

Shops:
D:1 !

Annotations:
D:2 Terence


Innate Abilities, Weirdness & Mutations

You are immune to sickness and miasma.
Your stone body is resilient. (AC +3)
You are immune to poison.
You resist negative energy. (rN+)
You are resistant to electric shocks. (rElec)
You are resistant to unholy torment.
You are immune to petrification.


Message History

No target in view!
No target in view!
No target in view!
No target in view!
No target in view!
A ball python and Terence come into view.
Terence shouts!
The ball python hisses angrily.
Terence screams, "I want your blood!"
You hit the ball python.
You kill the ball python!
You barely miss Terence. Terence hits you but does no damage.
Terence barely misses you.
You closely miss Terence. Terence hits you but does no damage. x2
You barely miss Terence. Terence hits you with a +0 flail.
You hit Terence but do no damage. Terence hits you with a +0 flail.
Terence closely misses you.
You barely miss Terence. You block Terence's attack.
Your shield prevents you from hitting Terence.
Terence hits you but does no damage. You block Terence's attack.
You closely miss Terence. Terence hits you but does no damage.
You barely miss Terence. Terence barely misses you.
You riposte.
You hit Terence but do no damage. You block Terence's attack.
You hit Terence but do no damage. Terence hits you with a +0 flail.
You hit Terence.
Terence is lightly wounded.
You block Terence's attack. Terence barely misses you.
You completely miss Terence.
Terence is lightly wounded.
Terence hits you with a +0 flail!
You hit Terence.
Terence is moderately wounded.
Terence hits you with a +0 flail.
* * * LOW HITPOINT WARNING * * *
Terence hits you but does no damage.
You feel very mighty all of a sudden. You block Terence's attack.
You hit Terence.
Terence is heavily wounded.
Terence hits you with a +0 flail!
You die...

#.# #.# .... #.#
.... #.# ... #.# ..#
#.# ..# #.# ..#
##.##########..#+##.
#..........@@.......
#############.......
....... .......
S...... .......
....... ....##.


You could see Terence.

Vanquished Creatures
  Jessica (D:2)
  An adder (D:2)
  A worm (D:2)
  A dart slug (D:2)
  2 bats (D:1)
  3 endoplasms
  3 giant cockroaches
  2 goblins
  6 hobgoblins
  A quokka (D:2)
  2 ball pythons (D:2)
  2 frilled lizards (D:1)
  6 kobolds
  2 rats (D:1)
33 creatures vanquished.

Notes
Turn   | Place    | Note
-------+----------+-------------------------------------------
     0 | D:1      | timneilson the Gargoyle Fighter began the quest for the
                  | Orb.
     0 | D:1      | Reached XP level 1. HP: 14/14 MP: 1/1
   110 | D:1      | Found a faded altar of an unknown god.
   240 | D:1      | Reached XP level 2. HP: 12/19 MP: 2/2
   497 | D:1      | Found Noyn's Distillery.
   958 | D:2      | Noticed Jessica
   972 | D:2      | Killed Jessica
   973 | D:2      | Reached XP level 3. HP: 5/23 MP: 3/3
  1581 | D:2      | Reached XP level 4. HP: 28/28 MP: 4/4
  1652 | D:2      | Reached skill level 4 in Armour
  1786 | D:2      | Noticed Terence
  1806 | D:2      | Slain by Terence

Illustrated notes

Levels and vault maps discovered:
D:1:      lightli_arrival_isolated_outpost, layout_loops_ring,
          chequers_ecumenical_altar_grove, serial_forest,
          infiniplex_forest_lined_room_3, infiniplex_forest_zigzag_2,
          infiniplex_forest_straight_3, infiniplex_forest_end_1,
          infiniplex_forest_lined_room_3, infiniplex_forest_straight_3,
          infiniplex_forest_straight_5, infiniplex_forest_lined_room_2,
          infiniplex_forest_join, serial_shops, shop, kennysheep_flooded_box,
          corexii_leaking_fountain
D:2:      layout_basic, uniq_terence, uniq_jessica

Skill      XL: |  1  2  3  4 |
---------------+-------------+-----
Long Blades    | 2 |  2.6
Armour         | 4 |  4.0
Fighting       | |  3.7
Shields        | |  3.9

Action                   |  1- 3 |  4- 6 || total
-------------------------+-------+-------++-------
Melee: Long sword        |    70 |    44 ||   114
  Use: Scroll            |     3 |       ||     3
       Potion            |       |     1 ||     1
Armor: Scale mail        |    37 |    20 ||    57
Dodge: Dodged            |    22 |    13 ||    35
Block: Kite shield       |    32 |    21 ||    53
       Rpst.: Long sword |     4 |     1 ||     5

Table legend: (Time is in decaauts)
 A = Elapsed time spent in this place.
 B = Non-inter-level travel time spent in this place.
 C = Inter-level travel time spent in this place.
 D = Time resting spent in this place.
 E = Time spent auto-exploring this place.
 F = Levels seen in this place.
 G = Mean time per level.
                   A        B        C        D        E       F      G
               +--------+--------+--------+--------+--------+-----+--------+
         Total |   1878 |   1863 |     15 |    253 |   1303 |   2 |  939.0 |
       Dungeon |   1878 |   1863 |     15 |    253 |   1303 |   2 |  939.0 |
               +--------+--------+--------+--------+--------+-----+--------+

Top non-repeatable levels by time:
     D:1: 970 daAuts
     D:2: 907 daAuts
